 Dungeon Crawl Stone Soup version 0.18-a0-1778-gadce9fa (webtiles) character file.

186 Ijustatesigmund the Chucker (level 5, 0/53 HPs)
             Began as a Troll Hunter on Apr 16, 2016.
             Slain by an orc
             ... wielding a +0 hand axe
              (3 damage)
             ... on level 3 of the Dungeon.
             The game lasted 00:05:15 (2128 turns).

Ijustatesigmund the Chucker (Troll Hunter)          Turns: 2128, Time: 00:05:16

Health: 0/53       AC:  5    Str: 20    XL:     5   Next: 38%
Magic:  4/4        EV: 10    Int:  7    God:
Gold:   147        SH:  0    Dex: 11    Spells: 0 memorised, 4 levels left

rFire  . . .     SeeInvis .       - Unarmed
rCold  . . .     Gourm    +     b - +0 robe
rNeg   . . .     Faith    .     (no shield)
rPois  .         Spirit   .     (helmet restricted)
rElec  .         Dismiss  .     (no cloak)
rCorr  .         Reflect  .     (gloves unavailable)
SustAt .         Harm     .     (boots unavailable)
MR     .....                    (no amulet)
Stlth  +.........               (no ring)
                                (no ring)

@: not resistant to hostile enchantments, very unstealthy
A: unfitting armour, claws 3, fast metabolism 3, gourmand, regeneration 2,
shaggy fur 1, tough skin 2
a: no special abilities


You were on level 3 of the Dungeon.
You were very full.

You visited 1 branch of the dungeon, and saw 3 of its levels.

You collected 147 gold pieces.

Inventory:

Missiles
 c - 4 large rocks (quivered)
 o - a throwing net
Armour
 b - a +0 robe (worn)
Wands
 g - a wand of digging (16/24)
 l - a wand of polymorph (24/24)
Scrolls
 d - a scroll of remove curse
 n - a scroll of fog
Potions
 a - a potion of magic
 e - a potion of heal wounds
 h - 3 potions of might {unknown}
 i - 4 potions of curing {unknown}
 j - a potion of brilliance {unknown}
Comestibles
 f - 3 bread rations
 k - a meat ration
 m - a royal jelly


   Skills:
 + Level 3.4 Fighting
 - Level 3.6 Throwing
 - Level 1.5 Dodging
 - Level 0.4 Stealth
 + Level 3.5 Unarmed Combat


You had 4 spell levels left.
You didn't know any spells.

Dungeon Overview and Level Annotations

Branches:
Dungeon (3/15)

Altars:
Gozag
Pakellas
Qazlal
Ru
Sif Muna


Innate Abilities, Weirdness & Mutations

You are too large for most types of armour.
You have claws for hands.
Your metabolism is lightning-fast.
You like to eat raw meat.
You heal very quickly.
You are covered in fur (AC +1).
You have very tough skin (AC +2).


Message History

You are too injured to fight recklessly!
Drink which item? (? for menu, Esc to quit)
You feel much better. The quokka barely misses you. The orc closely misses you.
The orc warrior hits you with a dire flail!
The orc hits you with a hand axe. The quokka closely misses you.
The orc hits you with a falchion of holy wrath.
Throwing (i - inventory. (,) - cycle):
c - 5 large rocks (quivered)
Press: ? - help, Shift-Dir - straight line, f - orc warrior
Aim: an orc warrior, wielding a dire flail and wearing a chain mail (lightly wounded)
You throw a large rock.
The large rock barely misses the orc warrior.
The orc barely misses you. The orc warrior closely misses you.
The quokka bites you but does no damage.
The orc barely misses you.
The orc hits you with a falchion of holy wrath.
The orc closely misses you.
The orc warrior hits you with a dire flail!
* * * LOW HITPOINT WARNING * * *
The quokka barely misses you. The orc hits you with a hand axe.
You die...

#.........
..............#....†....
............. #.........
#...........# #.......(.
#...........###.........
..............#.........
............#......#....
......oo....#.+#######'.
......o@....#.#...#..)#.
......ro......#...#...#.
......####....#.......#.
......####....###._.###.
..............#.......#.
..............#...#...#.
..............#...#...#.
..............'#######+.
................# ...


You could see an orc warrior, 3 orcs and a quokka.

Vanquished Creatures
  Ijyb (D:3)
  An orc wizard (D:3)
  3 gnolls (D:3)
  5 adders
  An ooze (D:3)
  2 worms
  A dart slug (D:2)
  An orc (D:3)
  3 giant cockroaches
  3 goblins
  2 hobgoblins
  3 jackals (D:2)
  8 kobolds
  2 ball pythons (D:2)
  10 bats
  2 giant newts
  7 rats
55 creatures vanquished.

Notes
Turn   | Place    | Note
--------------------------------------------------------------
     0 | D:1      | Ijustatesigmund the Troll Hunter began the quest for the Orb.
     0 | D:1      | Reached XP level 1. HP: 19/19 MP: 0/0
   160 | D:1      | Reached skill level 1 in Unarmed Combat
   309 | D:1      | Reached XP level 2. HP: 28/28 MP: 1/1
   422 | D:1      | You fall through a shaft!
   884 | D:2      | Reached XP level 3. HP: 32/35 MP: 2/2
  1705 | D:2      | Found an opulent altar of Gozag.
  1708 | D:2      | Found a deep blue altar of Sif Muna.
  1711 | D:2      | Found an oddly glowing altar of Pakellas.
  1784 | D:3      | Noticed Ijyb
  1800 | D:3      | Killed Ijyb
  1800 | D:3      | Reached XP level 4. HP: 35/44 MP: 3/3
  1869 | D:3      | Found a stormy altar of Qazlal.
  1987 | D:3      | Reached XP level 5. HP: 52/53 MP: 4/4
  2063 | D:3      | Found a sacrificial altar of Ru.
  2114 | D:3      | Noticed an orc warrior
  2126 | D:3      | HP: 1/53 [orc warrior/dire flail (22)]
  2128 | D:3      | Slain by an orc

Vault maps used:
D:1:      mrwooster_arrival_statue_3, kennysheep_minor_cross
D:2:      grunt_temple_overflow_diamond
D:3:      nicolae_ru_great_annihilating_truth, grunt_qazlal_clouds, uniq_iyjb

Skill      XL: |  1  2  3  4 |
---------------+-------------+-----
Unarmed Combat | 1 2 3 |  3.5
Fighting       | 2 3 |  3.4
Throwing       | |  3.6
Dodging        | |  1.5
Stealth        | |  0.4

Action                   |  1- 3 |  4- 6 || total
-------------------------+-------+-------++-------
Melee: Unarmed           |   107 |    61 ||   168
       Punch             |     1 |       ||     1
Throw: Large rock        |       |     5 ||     5
       Throwing net      |       |     2 ||     2
  Use: Scroll            |     4 |     2 ||     6
       Potion            |       |     2 ||     2
 Stab: Sleeping          |       |     1 ||     1
  Eat: Chunk             |    18 |     5 ||    23
Armor: Robe              |    50 |    24 ||    74
Dodge: Dodged            |    61 |    49 ||   110
